 Dungeon Crawl Stone Soup version 0.30.0-29-ga12c61a403 (webtiles) character file.

Game seed: 15832706189877405340

1799 Valken the Conjurer (level 8, -3/58 (63) HPs)
             Began as a White Draconian Conjurer on June 15, 2023.
             Slain by a wight
             ... wielding a +4 halberd
              (15 damage)
             ... on level 6 of the Dungeon.
             The game lasted 01:21:24 (5406 turns).

Valken the Conjurer (White Draconian Conjurer)      Turns: 5406, Time: 01:21:24

HP:   -3/58 (63)    AC: 13    Str:  9    XL:     8   Next: 83%
MP:   1/16          EV: 12    Int: 21    God:
Gold: 357           SH:  0    Dex: 10    Spells: 14/18 levels left

rFire   . . .        E - +6 flail (protect)
rCold   + . .        (no shield)
rNeg    . . .        (body armour unavailable)
rPois   .            (helmet restricted)
rElec   .            (no cloak)
rCorr   .            (no gloves)
SInv    .            (no boots)
Will    .....        o - amulet of regeneration
Stlth   ++           (no ring)
HPRegen 1.09/turn    (no ring)
MPRegen 0.15/turn

%: no passive effects
@: short of breath, under a protective aura, drained
A: breathe frost, AC +6, unfitting armour, cold resistance 1, cold-blooded
a: Breathe Frost


You were on level 6 of the Dungeon.
You visited 2 branches of the dungeon, and saw 7 of its levels.
You also visited: Sewer.

You collected 357 gold pieces.

Inventory:

Hand Weapons
 j - a +3 rapier of venom
 v - a +3 morningstar
 E - a +6 flail of protection (weapon)
Missiles
 b - 11 boomerangs
 g - 43 stones
 n - 2 poisoned darts
 t - a throwing net
Armour
 d - a +0 scale mail
 f - a +0 leather armour
 k - a +0 robe of willpower
 l - a +0 helmet
Jewellery
 o - an amulet of regeneration (around neck)
 u - a +6 ring of dexterity
Scrolls
 p - 5 scrolls of identify
 q - a scroll of vulnerability
 w - a scroll of torment
 x - a scroll of fear {unknown}
 y - a scroll of teleportation
 z - a scroll of fog
 A - a scroll of enchant armour {unknown}
 C - a scroll of poison
Potions
 a - a potion of magic
 c - a potion of berserk rage {unknown}
 e - a potion of ambrosia {unknown}
 h - 2 potions of attraction {unknown}
 i - 3 potions of curing {unknown}
 m - 3 potions of degeneration {unknown}
 r - a potion of brilliance {unknown}
 s - 2 potions of haste {unknown}
 B - 2 potions of heal wounds {unknown}
 D - a potion of might {unknown}


   Skills:
 + Level 3.4 Fighting
 + Level 4.0 Short Blades
 + Level 0.2 Maces & Flails
 + Level 3.7 Dodging
 + Level 3.2 Stealth
 + Level 0.1 Unarmed Combat
 + Level 5.5 Spellcasting
 + Level 7.2 Conjurations
 + Level 2.9 Earth Magic


You had 14 spell levels left.
You knew the following spells:

 Your Spells              Type           Power      Damage    Failure   Level
a - Magic Dart            Conj           100%       1d8       1%          1
b - Stone Arrow           Conj/Erth      54%        3d10      3%          3

Your spell library contained the following spells:

 Spells                   Type           Power      Damage    Failure   Level
 Searing Ray              Conj           72%        2d7       1%          2
 Sandblast                Erth           36%        2d10      3%          1
 Dazzling Flash           Conj/Hex       42%        N/A       7%          3
 Passwall                 Tmut/Erth      9%         N/A       9%          2
 Ensorcelled Hibernation  Hex/Ice        10%        N/A       16%         2
 Fulminant Prism          Conj/Hex       10%        3d9       22%         4
 Iskenderun's Mystic Bla  Conj/Tloc      21%        2d6       22%         4
 Frozen Ramparts          Ice            10%        1d2       30%         3
 Swiftness                Air            5%         N/A       30%         3
 Ice Form                 Ice/Tmut       5%         N/A       71%         4
 Summon Ice Beast         Ice/Summ       5%         N/A       71%         4


Dungeon Overview and Level Annotations

Branches:
Dungeon (6/15)             Temple (1/1) D:5           Sewer (visited)

Altars:
Ashenzari
Cheibriados
Dithmenos
Gozag
Hepliaklqana
Kikubaaqudgha
Nemelex Xobeh
Okawaru
Qazlal
Ru
Sif Muna
Trog
Uskayaw
Vehumet
Xom
Zin


Innate Abilities, Weirdness & Mutations

You can breathe waves of freezing cold which knock back foes.
Your icy white scales are hard. (AC +6)
You cannot fit into any form of body armour.
Your flesh is cold resistant. (rC+)
You are cold-blooded and may be slowed by cold attacks.


Message History

The wight hits you with a +4 halberd.
You closely miss the wight.
The wight is heavily damaged.
The hound pauses to sniff the ground.
The wight barely misses you.
A howler monkey comes into view.
The wight hits you with a +4 halberd!
* * * LOW HITPOINT WARNING * * *
You thump the wight!
Your weapon exudes an aura of protection.
The wight is almost destroyed.
The howler monkey hoots and howls with incredible vigour!
The hound closely misses you.
The howler monkey hoots and howls with incredible vigour!
The wight barely misses you.
You hear a bark!
You hear a shout!
You hear an angry hiss.
You sock the hound!
The hound is severely wounded.
The hound bites you but does no damage. The wight hits you with a +4 halberd.
* * * LOW HITPOINT WARNING * * *
The hound misses you. The wight hits you with a +4 halberd.
* * * LOW HITPOINT WARNING * * *
The hound barely misses you.
Okay, then.
Okay, then.
You closely miss the hound.
The hound is severely wounded.
The hound closely misses you. The wight barely misses you.
The howler monkey hoots and howls with incredible vigour! x2
The hound stops to sniff the ground.
The hound bites you.
* * * LOW HITPOINT WARNING * * *
You hear a shout!
You hear a loud, deep croak!
You hear a shout!
You hear a howl!
You hit the hound.
You kill the hound!
The wight closely misses you.
The howler monkey hits you but does no damage.
The wight hits you with a +4 halberd!
You die...

#. #..............
#.#............##
##..............#
#.............###
#.##..........####
###...<.#.......>..#
...###......#####...
..#>##.####.............
.....)h@.).......######.
.......zh.###....#
........### #..#.#
........# #......
.....#.## #.#......
...###. ..#......# #..
## #.........# #.
...#......#


You could see 2 howler monkeys and a wight.

Vanquished Creatures
  Grinder (D:5)
  The ghost of hawla the Firebug, an amateur MeFE of Vehumet (D:4)
  Edmund (D:5)
  A water moccasin (D:5)
  2 black bears
  2 ogres (D:5)
  A phantom (D:4)
  A scorpion (D:5)
  3 wights
  3 bullfrog zombies (D:4)
  2 hounds
  3 iguanas
  A hell rat (Sewer)
  4 orc wizards (D:5)
  3 gnolls (D:2)
  3 river rats
  9 adders
  A shadow imp (D:5)
  An ufetubus (D:5)
  11 orcs
  12 ball pythons
  11 endoplasms
  4 giant cockroaches
  7 goblins
  5 hobgoblins
  4 jackals (D:4)
  5 kobolds
  2 quokkas (D:1)
  3 bats
  14 rats
121 creatures vanquished.

Notes
Turn   | Place    | Note
-------+----------+-------------------------------------------
     0 | D:1      | Valken the Draconian Conjurer began the quest for the Orb.
     0 | D:1      | Reached XP level 1. HP: 14/14 MP: 3/3
   301 | D:1      | Reached XP level 2. HP: 20/20 MP: 0/5
   830 | D:2      | Reached XP level 3. HP: 5/26 MP: 0/6
  1012 | D:2      | Reached skill level 5 in Conjurations
  1340 | D:2      | Reached XP level 4. HP: 33/33 MP: 3/7
  1988 | D:2      | Learned a level 3 spell: Stone Arrow
  2000 | D:3      | Reached XP level 5. HP: 35/39 MP: 0/8
  2074 | D:3      | Reached skill level 1 in Short Blades
  2448 | D:4      | Found a transporter.
  2975 | D:4      | Noticed a phantom
  2984 | D:4      | Killed a phantom
  2985 | D:4      | Reached XP level 6. HP: 46/46 MP: 0/10
  3106 | D:4      | Reached skill level 1 in Fighting
  3106 | D:4      | Reached skill level 6 in Conjurations
  3106 | D:4      | Reached skill level 1 in Earth Magic
  3145 | D:4      | Found a transporter.
  3147 | D:4      | Noticed hawla's ghost (amateur MeFE)
  3320 | D:4      | Your scales start taking on an icy white colour.
  3320 | D:4      | Reached XP level 7. HP: 27/52 MP: 0/12
  3320 | D:4      | Gained mutation: Your flesh is cold resistant. (rC+) [White
                  | Draconian growth]
  3463 | D:4      | Killed hawla's ghost
  3870 | D:5      | Entered Level 5 of the Dungeon
  3870 | D:5      | Found a broken altar of Ashenzari.
  3903 | D:5      | Found an opulent altar of Gozag.
  4104 | D:5      | Found a glowing drain.
  4124 | Sewer    | Entered a sewer
  4350 | D:5      | Found a radiant altar of Vehumet.
  4350 | D:5      | Noticed Grinder
  4363 | D:5      | Killed Grinder
  4364 | D:5      | Reached XP level 8. HP: 9/61 MP: 1/15
  4474 | D:5      | Found an ancient bone altar of Kikubaaqudgha.
  4489 | D:5      | Found a shimmering blue altar of Sif Muna.
  4596 | D:5      | Found a staircase to the Ecumenical Temple.
  4603 | Temple   | Entered the Ecumenical Temple
  4814 | D:5      | Found a stormy altar of Qazlal.
  4968 | D:5      | Reached skill level 5 in Spellcasting
  4987 | D:5      | Reached skill level 7 in Conjurations
  5097 | D:5      | Noticed Edmund
  5108 | D:5      | Killed Edmund
  5406 | D:6      | Slain by a wight

Illustrated notes

Levels and vault maps discovered:
D:1:      wander_arrival_fairy_ring, layout_basic, hangedman_decor_points
D:2:      layout_loops_ring
D:3:      layout_rooms, minmay_box_of_dots
D:4:      layout_basic, gammafunk_ghost_mausoleum
D:5:      layout_loops_corners, palyth_temple_overflow_mages,
          nicolae_qazlal_scattered_showers, overflow_temple_1_default,
          mainiacjoe_overflow_alcove_1, minmay_temple_entry_hall,
          portal_sewer_entry_e, uniq_edmund, uniq_grinder
D:6:      layout_rooms, kennysheep_ying_yang
Temple:   hellmonk_temple_flake

Skill      XL: |  1  2  3  4  5  6  7  8 |
---------------+-------------------------+-----
Dodging        | 2 3 |  3.7
Conjurations   | 5 6 7 |  7.2
Stealth        | 2 3 |  3.2
Short Blades   | 1 2 3 4 |  4.0
Spellcasting   | 3 4 5 |  5.5
Fighting       | 1 2 3 |  3.4
Earth Magic    | 1 2 |  2.9
Maces & Flails | |  0.2
Unarmed Combat | |  0.1

Action                     |  1- 3 |  4- 6 |  7- 9 || total
---------------------------+-------+-------+-------++-------
  Melee: Unarmed           |    17 |       |       ||    17
         Tailslap          |     5 |     4 |     9 ||    18
         Rapier            |    13 |    36 |   102 ||   151
         Punch             |       |     2 |       ||     2
         Flail             |       |       |    17 ||    17
   Cast: Magic Dart        |    62 |    84 |    42 ||   188
         Stone Arrow       |       |    11 |    33 ||    44
Ability: Breathe Frost     |       |       |     1 ||     1
    Use: Scroll            |     5 |     4 |       ||     9
   Stab: Sleeping          |       |       |     1 ||     1
 Armour: Skin              |     8 |    22 |    44 ||    74
  Dodge: Dodged            |    25 |    53 |    83 ||   161
